 Dungeon Crawl Stone Soup version 0.20-a0-927-g1ae2c61 (webtiles) character file.

95 4thArraOfDagon the Bolt Thrower (level 4, -4/34 HPs)
             Began as a Mummy Hunter on Mar 30, 2017.
             Slain by a worm (9 damage)
             ... on level 3 of the Dungeon.
             The game lasted 00:04:44 (1042 turns).

4thArraOfDagon the Bolt Thrower (Mummy Hunter)      Turns: 1042, Time: 00:04:45

Health: -4/34      AC:  5    Str: 20    XL:     4   Next: 40%
Magic:  4/4        EV: 11    Int: 11    God:    Xom [..*...]
Gold:   94         SH:  0    Dex: 12    Spells: 3/3 levels left

rFire    x x .     SeeInvis .   n - +0 flail
rCold    + + .     Gourm    .   (no shield)
rNeg     + + +     Faith    .   m - +0 ring mail
rPois    ∞         Spirit   .   (no helmet)
rElec    .         Reflect  .   (no cloak)
rCorr    .         Harm     .   (no gloves)
MR       .....                  (no boots)
Stlth    +.........             (no amulet)
Regen    0.2/turn               o - ring of ice
MPRegen  0.1/turn               (no ring)

@: mighty, very slightly contaminated
A: no food or potions, fire vulnerability, cold resistance 1, negative energy
resistance 3, torment resistance, unbreathing
a: Renounce Religion


You were on level 3 of the Dungeon.
You worshipped Xom.
You were a toy of Xom.
You were not hungry.

You visited 1 branch of the dungeon, and saw 3 of its levels.

You collected 94 gold pieces.

Inventory:

Hand Weapons
 a - a +1 hand crossbow
 b - a +0 short sword
 n - a +0 flail (weapon)
Missiles
 d - 20 bolts
 h - 7 curare-tipped needles
Armour
 c - a +0 leather armour
 e - a +0 ring mail
 m - a +0 ring mail (worn)
Jewellery
 o - a ring of ice (left hand)
Wands
 k - a wand of polymorph (16/24)
Scrolls
 f - a scroll of amnesia {unknown}
 g - a scroll of identify {unknown}
 i - a scroll of fear {unknown}
 j - a scroll of random uselessness {unknown}
 l - a scroll of remove curse {unknown}


   Skills:
 - Level 2.4 Fighting
 * Level 1.3 Maces & Flails
 - Level 4.1 Crossbows
 - Level 1.5 Dodging
 - Level 1.6 Stealth


You had 3 spell levels left.
You didn't know any spells.

Dungeon Overview and Level Annotations

Branches:
Dungeon (3/15)

Altars:
Wu Jian
Xom


Innate Abilities, Weirdness & Mutations

You do not eat or drink.
Your flesh is vulnerable to fire.
You are immune to poison.
Your flesh is cold resistant. (rC+)
You are immune to negative energy. (rN+++)
You are immune to unholy pain and torment.
You can survive without breathing.


Message History

Reactivating autopickup.
Ijyb hits you but does no damage. Ijyb closely misses you.
You miss Ijyb.
Ijyb is almost dead.
Ijyb hits you but does no damage.
You bludgeon Ijyb!!
You kill Ijyb!
Your Maces & Flails skill increases to level 1!
You bump into the rock wall.
The worm misses you.
An adder comes into view.
You barely miss the worm.
The adder hisses angrily.
The worm closely misses you.
You bump into the rock wall.
You bump into the rock wall.
The worm bites you!
* * * LOW HITPOINT WARNING * * *
You barely miss the worm.
You feel less confused. The worm bites you!
You die...

#....#. #......
#...... ##......
##.##.<.. #........
#######........
#.#####..............
#...@wS..............
#######...........#..
#..............
#.............#
#.............#
#.............#
#.............#
####..........#
#......#####


You could see a worm and an adder.

Vanquished Creatures
  Ijyb (D:3)
  2 adders (D:2)
  2 worms
  A dart slug (D:1)
  3 orcs (D:3)
  4 giant cockroaches
  5 goblins
  5 hobgoblins
  3 jackals (D:1)
  2 kobolds (D:2)
  2 ball pythons (D:2)
  2 bats (D:2)
  4 frilled lizards
  3 rats
39 creatures vanquished.

Notes
Turn   | Place    | Note
-------+----------+-------------------------------------------
     0 | D:1      | 4thArraOfDagon the Mummy Hunter began the quest for the Orb.
     0 | D:1      | Reached XP level 1. HP: 16/16 MP: 1/1
   156 | D:1      | Reached skill level 1 in Stealth
   221 | D:1      | Reached XP level 2. HP: 22/22 MP: 2/2
   378 | D:2      | Reached XP level 3. HP: 13/27 MP: 3/3
   464 | D:2      | Reached skill level 4 in Crossbows
   776 | D:2      | Found a bloodstained altar of Trog.
   778 | D:2      | Found a blossoming altar of Fedhas.
   778 | D:2      | Found a snail-covered altar of Cheibriados.
   781 | D:2      | Found a white marble altar of Elyvilon.
   781 | D:2      | Found a shimmering altar of Xom.
   781 | D:2      | Found a shadowy altar of Dithmenos.
   813 | D:2      | Became a worshipper of Xom of Chaos
   932 | D:3      | Found an ornate altar of the Wu Jian Council.
   960 | D:3      | XOM: potion effect (haste)
   970 | D:3      | Reached XP level 4. HP: 25/34 MP: 4/4
   984 | D:3      | Noticed Ijyb
   999 | D:3      | XOM: potion effect (might)
  1002 | D:3      | XOM: harmless Necr miscast
  1037 | D:3      | Killed Ijyb
  1037 | D:3      | Reached skill level 1 in Maces & Flails
  1042 | D:3      | Slain by a worm

Vault maps used:
D:1:      dpeg_arrival_three_same_balls
D:2:      nicolae_qazlal_style_of_elements, first_bread,
          roderic_hopi_sauvastika, doesnt_xom_only_xom
D:3:      grunt_temple_overflow_open, fedhas_altar_fruit_tree, tgw_trog,
          portal_sewer_entry_f, uniq_iyjb

Skill      XL: |  1  2  3  4 |
---------------+-------------+-----
Stealth        | 1 |  1.6
Crossbows      | 4 |  4.1
Maces & Flails | 1 |  1.3
Fighting       | |  2.4
Dodging        | |  1.5

Action                   |  1- 3 |  4- 6 || total
-------------------------+-------+-------++-------
Melee: Flail             |     7 |    27 ||    34
 Fire: Hand crossbow     |    99 |       ||    99
Armor: Ring mail         |    17 |    14 ||    31
Dodge: Dodged            |    20 |    12 ||    32
